Match 46512353
Unlisted

Match 46512353
End
Construct Barracks
Engineer Squad
Riflemen Squad
Riflemen Squad
Riflemen Squad
Grenade Package
Mechanized Support Center
M1918 Browning Automatic Rifles
Selects Special Operations Battlegroup
Selects M29 Weasel with M1 Pack Howitzer
Selects Raiding Flares
Construct Medical Station
Construct Motor Pool
M1 Anti-tank Gun Team
Selects SSF Commando Squad
M1 Anti-tank Gun Team
Construct Weapon Support Center
.30 cal Machine Gun
.30 cal Machine Gun
Construct Tank Depot
Selects P-47 Anti-Infantry Loiter
Raiding Flares
M4A1 Sherman Medium Tank
Selects UNKNOWN (2162291)
Selects Assault Operation
P-47 Anti-Infantry Loiter
M4A1 Sherman Whizbang
M1 Anti-tank Gun Team
M1919 Machine Gun Team
M4A1 Sherman Whizbang
Designate Forward Repair Station
Raiding Flares
P-47 Anti-Infantry Loiter
M4A1 Sherman Medium Tank
M4A1 76mm Conversion
M1 Anti-tank Gun Team
Improvised Armor
P-47 Anti-Infantry Loiter
M4A1(76) Sherman Medium Tank
Cozier Conch
Mr_NoteAr
User1diego
HANS
MAKattack
viperking
0
0

Comments sign in to comment!

No comments posted yet!